 Dungeon Crawl Stone Soup version 0.17-a0-701-gb6462b4 (webtiles) character file.

16 namelastname112 the Scratcher (level 2, 0/13 HPs)
             Began as a Felid Transmuter on Apr 19, 2015.
             Slain by a gnoll
             ... wielding a +0 spear
              (13 damage)
             ... on level 1 of the Dungeon.
             The game lasted 00:01:44 (1124 turns).

namelastname112 the Scratcher (Felid Transmuter)    Turns: 1124, Time: 00:01:44

Health: 0/13       AC:  1    Str:  6    XL:     2   Next: 37%
Magic:  5/6        EV: 18    Int: 14    God:
Gold:   43         SH:  0    Dex: 16    Spells: 1 memorised, 4 levels left
                                        Lives:  0   Deaths: 0

rFire  . . .     SeeInvis +       - Unarmed
rCold  . . .     Clarity  .     (armour unavailable)
rNeg   . . .     SustAb   .     (shield unavailable)
rPois  .         Gourm    .     (helmet unavailable)
rElec  .         Spirit   .     (cloak unavailable)
rCorr  .         Warding  .     (gloves unavailable)
rMut   .         Stasis   .     (boots unavailable)
MR     .....                    (no amulet)
Stlth  ++........               (no ring)
                                (no ring)

@: appendage, quick, not resistant to hostile enchantments, unstealthy
A: no armour, no weapons or thrown items, claws 1, fangs 3, horns 2, see
invisible, carnivore 3, speed 1, shaggy fur 1, slow metabolism 1, sharp paws
a: End Transformation


You were on level 1 of the Dungeon.
You were full.
You had grown temporary horns.
You visited 1 branch of the dungeon, and saw 1 of its levels.

You collected 43 gold pieces.

Inventory:

Missiles
 b - 47 arrows
 i - 8 arrows of flame
Scrolls
 g - a scroll of remove curse {unknown}
Potions
 c - a potion of curing {unknown}
 e - a potion of agility {unknown}
 h - a potion of brilliance {unknown}
Books
 d - a book of Changes

   Spells                             Type                      Level
   a - Beastly Appendage              Transmutation                1
   b - Sticks to Snakes               Transmutation                2
   c - Spider Form                    Transmutation/Poison         3
   d - Ice Form                       Ice/Transmutation            4
   e - Blade Hands                    Transmutation                5
Comestibles
 a - 2 meat rations
 f - a beef jerky
 j - 2 chunks of flesh


   Skills:
 + Level 1.7 Fighting
 + Level 3.2 Dodging
 + Level 3.2 Unarmed Combat
 - Level 2.0 Spellcasting
 - Level 2.1 Transmutations


You had 4 spell levels left.
You knew the following spells:

 Your Spells              Type           Power        Failure   Level  Hunger
a - Beastly Appendage     Trmt           #.....       12%         1    ##.....


Dungeon Overview and Level Annotations

Branches:
Dungeon (1/15)

Altars:


Innate Abilities, Weirdness & Mutations

You cannot wear armour.
You are incapable of wielding weapons or throwing items.
You have sharp claws.
You have razor-sharp teeth.
You have supernaturally acute eyesight.
You are carnivorous and can eat meat at any time.
You cover ground quickly.
You are covered in fur (AC +1).
You have a slow metabolism.
Your sharp claws are effective at attacking unaware monsters.
You have a pair of horns on your head.


Message History

Eat one of 4 chunks of flesh? (ye/n/q/i?) This raw flesh tastes great.
You continue eating. x2
Eat one of 3 chunks of flesh? (ye/n/q/i?) This raw flesh tastes great.
You continue eating. x2
The gnoll misses you.
There is an open door, spattered with blood here.
You see here a ring mail.
There is an open door, spattered with blood here.
You see here a club.
There is an open door here.
There is a stone staircase leading down here.
Okay, then.
Casting: Beastly Appendage
Confirm with . or Enter, or press ? or * to list all spells.
You grow a pair of large bovine horns.
The gnoll misses you. The gnoll hits you with a spear!
Ouch! That really hurt!
You die...

#.##...#.#######>.#.#
#........# ###..#.#
#####.#### #....#.#
#.# #.#.##.# ##+##
#.#.##.# ##...##
#.#....# ## ##.....##
#.######
.###.......## #..##
.##.........####@..##
..g.........'..g....#
.##.........####...##
.###.......## ##.##
## ##.....## #.#
##...## #.# ### ##+##
#.# ..# #.# #.# #.#
#.# #.#


You could see a gnoll.

Vanquished Creatures
  A giant gecko (D:1)
  6 hobgoblins (D:1)
  A kobold (D:1)
  2 bats (D:1)
  A giant newt (D:1)
  A goblin (D:1)
  A rat (D:1)
13 creatures vanquished.

Notes
Turn   | Place    | Note
--------------------------------------------------------------
     0 | D:1      | namelastname112, the Felid Transmuter, began the quest for the Orb.
     0 | D:1      | Reached XP level 1. HP: 9/9 MP: 4/4
   621 | D:1      | Reached XP level 2. HP: 8/12 MP: 6/6
  1124 | D:1      | Slain by a gnoll

Action                   || total
-------------------------++-------
Melee: Unarmed           ||    30
 Cast: Beastly Appendage ||     5
 Stab: Sleeping          ||     1
  Eat: Chunk             ||     5
